 Dungeon Crawl Stone Soup version 0.16.2-12-gd0ad4c3 (webtiles) character file.

65 faibistes the Magician (level 3, -1/19 HPs)
             Began as a Deep Elf Wizard on Apr 28, 2019.
             Slain by an orc
             ... wielding a +0 flail
              (6 damage)
             ... on level 3 of the Dungeon.
             The game lasted 00:03:41 (1755 turns).

faibistes the Magician (Deep Elf Wizard)            Turns: 1755, Time: 00:03:41

Health: -1/19      AC:  2    Str:  4    XL:     3   Next: 94%
Magic:  3/14       EV: 13    Int: 23    God:
Gold:   39         SH:  0    Dex: 13    Spells: 5 memorised, 2 levels left

rFire  . . .     SeeInvis .     e - +0 dagger
rCold  . . .     Clarity  .     a - +0 robe
rNeg   . . .     SustAb   .     (no shield)
rPois  .         Gourm    .     b - +0 hat
rElec  .         Spirit   .     (no cloak)
rCorr  .         Warding  .     (no gloves)
rMut   .         Stasis   .     (no boots)
MR     .....                    (no amulet)
Stlth  ++........               (no ring)
                                (no ring)

@: not resistant to hostile enchantments, unstealthy
A: no striking features
a: no special abilities


You were on level 3 of the Dungeon.
You were not hungry.

You visited 1 branch of the dungeon, and saw 3 of its levels.

You collected 39 gold pieces.

Inventory:

Hand weapons
 e - a +0 dagger (weapon)
Armour
 a - a +0 robe (worn)
 b - a +0 hat (worn)
Jewellery
 m - an uncursed ring of ice {unknown}
Scrolls
 g - a scroll of identify {unknown}
 h - a scroll of amnesia {unknown}
 i - 2 scrolls of teleportation {unknown}
 k - a scroll of noise {unknown}
 p - a scroll of remove curse {unknown}
Potions
 f - a potion of cure mutation {unknown}
 j - a potion of agility {unknown}
 l - 3 potions of curing {unknown}
 n - a potion of brilliance {unknown}
 q - a potion of beneficial mutation {unknown}
Books
 c - a book of Minor Magic

   Spells                             Type                      Level
   a - Magic Dart                     Conjuration                  1
   b - Blink                          Translocation                2
   c - Call Imp                       Summoning                    2
   d - Repel Missiles                 Charms/Air                   2
   e - Slow                           Hexes                        2
   f - Conjure Flame                  Conjuration/Fire             3
   g - Mephitic Cloud                 Conjuration/Poison/Air       3
Comestibles
 d - a bread ration


   Skills:
 + Level 2.8 Dodging
 - Level 2.4 Stealth
 * Level 5.6 Spellcasting
 * Level 2.6 Conjurations
 - Level 1.1 Summonings
 - Level 1.1 Translocations


You had 2 spell levels left.
You knew the following spells:

 Your Spells              Type           Power        Failure   Level  Hunger
a - Magic Dart            Conj           ###.         2%          1    None
b - Conjure Flame         Conj/Fire      ##......     17%         3    #......
c - Call Imp              Summ           ##......     10%         2    None
d - Blink                 Tloc           N/A          10%         2    None
e - Mephitic Cloud        Conj/Pois/Air  ##......     21%         3    #......


Dungeon Overview and Level Annotations

Branches:
Dungeon (3/15)

Altars:
Vehumet


Message History

Aiming: Magic Dart
Press: ? - help, Shift-Dir - straight line, f - orc
Aim: an orc, wielding a dagger The magic dart hits the orc.
You kill the orc!
An orc comes into view. It is wielding a flail.
Things that are here:
a dagger; an orc corpse You butcher the orc corpse.
An orc comes into view. It is wielding a hand axe.
Things that are here:
a dagger; 4 chunks of flesh; an orc skeleton The orc hits you with a hand axe!
* * * LOW HITPOINT WARNING * * *
There is a stone staircase leading up, spattered with blood here.
You see here a leather armour.
Found 9 gold pieces.
Your magical contamination has completely faded away.
The orc hits you with a flail.
You die...

#### ###
..#.###.#
#.#..@o.#
#.#####o#
#..$....#
#....o..#
#.......#.
#.#.#####.#..
# #.# .....
#.#.# .....#
#.###...####
.....#


You could see 2 orcs.

Vanquished Creatures
  An adder (D:2)
  A worm (D:2)
  4 giant geckos
  3 orcs (D:3)
  A ball python (D:2)
  3 giant cockroaches (D:2)
  3 goblins (D:1)
  4 hobgoblins
  A jackal (D:1)
  9 kobolds
  2 quokkas
  A bat (D:1)
  2 giant newts (D:1)
  6 rats
41 creatures vanquished.

Vanquished Creatures (collateral kills)
  2 jackals (D:1)
  A rat (D:1)
3 creatures vanquished.

Grand Total: 44 creatures vanquished

Notes
Turn   | Place    | Note
--------------------------------------------------------------
     0 | D:1      | faibistes, the Deep Elf Wizard, began the quest for the Orb.
     0 | D:1      | Reached XP level 1. HP: 10/10 MP: 6/6
   435 | D:1      | Reached XP level 2. HP: 15/15 MP: 7/10
   462 | D:1      | Learned a level 2 spell: Blink
   465 | D:1      | Learned a level 2 spell: Call Imp
   732 | D:1      | Reached skill level 5 in Spellcasting
  1084 | D:1      | Reached XP level 3. HP: 19/19 MP: 12/14
  1089 | D:1      | Learned a level 3 spell: Conjure Flame
  1093 | D:1      | Learned a level 3 spell: Mephitic Cloud
  1704 | D:2      | Found a radiant altar of Vehumet.
  1755 | D:3      | Slain by an orc

Action                   || total
-------------------------++-------
Melee: Dagger            ||     3
 Cast: Magic Dart        ||   103
       Call Imp          ||     2
  Eat: Chunk             ||     2
